 Dungeon Crawl Stone Soup version 0.27.1-3-gb3d3a73c9e (webtiles) character file.

Game seed: 7186896898310166321

32 TigerRab the Grave Robber (level 3, -1/24 HPs)
             Began as a Human Necromancer on Oct 15, 2021.
             Slain by Sigmund (6 damage)
             ... on level 2 of the Dungeon.
             The game lasted 00:10:09 (1471 turns).

TigerRab the Grave Robber (Human Necromancer)       Turns: 1471, Time: 00:10:10

Health: -1/24      AC:  5    Str:  8    XL:     3   Next: 45%
Magic:  0/6        EV: 10    Int: 16    God:
Gold:   75         SH:  0    Dex: 13    Spells: 5/6 levels left

rFire    . . .     SeeInvis .   e - +1 hand axe (elec)
rCold    . . .     Faith    .   (no shield)
rNeg     . . .     Spirit   +   f - +0 ring mail
rPois    .         Reflect  .   (no helmet)
rElec    .         Harm     .   (no cloak)
rCorr    .         Rampage  .   (no gloves)
Will     .....                  (no boots)
Stlth    ..........             k - amulet of guardian spirit
HPRegen  0.08/turn              (no ring)
MPRegen  0.10/turn              (no ring)

@: confused, very slightly contaminated, invisible
A: no striking features
a: no special abilities


You were on level 2 of the Dungeon.
You visited 1 branch of the dungeon, and saw 2 of its levels.

You collected 75 gold pieces.

Inventory:

Hand Weapons
 c - a +0 short sword
 e - a +1 hand axe of electrocution (weapon)
 i - a +0 hunting sling
Missiles
 b - 19 sling bullets
 d - 17 stones
 h - 17 poisoned darts
Armour
 a - a +0 robe
 f - a +0 ring mail (worn)
 g - a +0 leather armour
Jewellery
 k - an amulet of guardian spirit (around neck)


   Skills:
 + Level 0.1 Fighting
 + Level 0.2 Axes
 + Level 0.2(0.4) Slings
 + Level 0.5(0.6) Throwing
 + Level 0.1 Armour
 + Level 2.1 Dodging
 + Level 2.0 Stealth
 + Level 2.2 Spellcasting
 + Level 4.5 Necromancy


You had 5 spell levels left.
You knew the following spells:

 Your Spells              Type           Power      Damage    Failure   Level
a - Pain                  Necr           64%        1d7       10%         1

Your spell library contained the following spells:

 Spells                   Type           Power      Damage    Failure   Level
 Animate Skeleton         Necr           32%        N/A       10%         1
 Vampiric Draining        Necr           8%         2d7       28%         3
 Animate Dead             Necr           8%         N/A       67%         4
 Agony                    Necr           16%        N/A       95%         5


Dungeon Overview and Level Annotations

Branches:
Dungeon (2/15)

Altars:

Annotations:
D:2 Sigmund


Message History

Unknown command.
Aiming: Pain (safe; 10% risk of failure)
Press: ? - help, Q - select action, (/) - cycle Shift-Dir - straight line, f - hobgoblin
Aim: a hobgoblin (chance to affect: 87%)
The hobgoblin writhes in agony.
You hit the hobgoblin.
Lightning courses through the hobgoblin!!
You kill the hobgoblin!
Your magical contamination has completely faded away.
Sigmund the Dreaded comes into view.
He is wielding a +0 scythe and wearing a +2 robe of fire resistance.
Things that are here:
an amulet of guardian spirit; a hobgoblin corpse
k - an amulet of guardian spirit Sigmund points at you and mumbles some strange words.
The puff of flame misses you.
Sorry, you're not good enough to have a special ability.
You start putting on your amulet.
You continue putting on your amulet of guardian spirit.
Sigmund mumbles some strange words.
Sigmund flickers and vanishes!
Deactivating autopickup; reactivate with Ctrl-A.
You continue putting on your amulet of guardian spirit. x3
A puff of flame appears from out of thin air!
The puff of flame hits you!
You continue putting on your amulet of guardian spirit.
You finish putting on your amulet of guardian spirit.
You feel your power drawn to a protective spirit.
k - an amulet of guardian spirit (around neck)
A puff of flame appears from out of thin air!
The puff of flame hits you!
* * * LOW HITPOINT WARNING * * *
You fade into invisibility!
You are confused.
You are very lightly contaminated with residual magic.
You are too confused!
You are too confused!
You are too confused!
You are too confused!
Something hits you!
You die...

..##.#.............##....
...............##..#.....
...................#.....
.........................
....................#.##.
##........†..†..........
.#.....†..........#...##.
......{†.....##...#...##'
........@.........#...#..
.........................
.........................
..........?..............
.....................†...
........#..#.##..........
..#######................
#..#.###..#.##### #..#.#
#.........


There were no monsters in sight!

Vanquished Creatures
  A worm (D:2)
  A ball python (D:1)
  3 endoplasms (D:2)
  4 hobgoblins
  5 jackals
  A kobold (D:1)
  3 bats (D:1)
  A frilled lizard (D:1)
  A goblin (D:1)
  8 rats
28 creatures vanquished.

Notes
Turn   | Place    | Note
-------+----------+-------------------------------------------
     0 | D:1      | TigerRab the Human Necromancer began the quest for the Orb.
     0 | D:1      | Reached XP level 1. HP: 13/13 MP: 3/3
   413 | D:1      | Reached XP level 2. HP: 15/19 MP: 0/5
  1254 | D:2      | Reached XP level 3. HP: 20/24 MP: 1/6
  1458 | D:2      | Noticed Sigmund
  1471 | D:2      | Slain by Sigmund

Illustrated notes

Levels and vault maps discovered:
D:1:      dpeg_arrival_connections, layout_loops_cross, minmay_pentomino_t4
D:2:      layout_basic, uniq_sigmund

Action                   || total
-------------------------++-------
Melee: Unarmed           ||    12
       Hand axe          ||    22
 Fire: Hunting sling     ||     5
Throw: Dart              ||     2
 Cast: Pain              ||    37
  Use: Potion            ||     3
       Scroll            ||     3
 Stab: Sleeping          ||     1
Armor: Robe              ||     2
       Ring mail         ||     5
Dodge: Dodged            ||    28
